 Dungeon Sprint DCSS version 0.30-a0-534-gdc55766716 (webtiles) character file.

Game seed: 3401579031142371482

1476 rocky1 the Basher (level 8, -6/82 HPs)
             Began as a Minotaur Fighter on Dec 25, 2022.
             Was an Initiate of Gozag.
             Mangled by a two-headed ogre
             ... wielding a +0 giant spiked club
              (25 damage)
             ... in the Dungeon (Sprint III: "The Ten Rune Challenge").
             The game lasted 00:02:28 (1202 turns).

rocky1 the Basher (Minotaur Fighter)                Turns: 1202, Time: 00:02:28

Health: -6/82      AC: 11    Str: 23    XL:     8   Next: 49%
Magic:  7/7        EV: 11    Int:  5    God:    Gozag
Gold:   1006       SH:  6    Dex: 10    Spells: 7/7 levels left

rFire   . . .      SeeInvis .    a - +0 flail
rCold   . . .      Faith    .    c - +0 buckler
rNeg    . . .      Spirit   .    b - +0 scale mail
rPois   .          Reflect  .    (helmet restricted)
rElec   .          Harm     .    l - +1 cloak
rCorr   .          Rampage  .    (no gloves)
Will    .....      NoTele   +    (no boots) Stlth
                                 (no amulet)
HPRegen 0.33/turn                (no ring)
MPRegen 0.10/turn                (no ring)

@: no status effects
A: horns 2, retaliatory headbutt
a: Renounce Religion, Potion Petition, Call Merchant, Bribe Branch


You were in the Dungeon.
You worshipped Gozag.
Gozag was most pleased with you.
You visited 1 branch You collected 1006 gold pieces.

Inventory:

Hand Weapons
 a - a +0 flail (weapon)
Armour
 b - a +0 scale mail (worn)
 c - a +0 buckler (worn)
 l - a +1 cloak (worn)
Wands
 s - a wand of acid (8)
Scrolls
 j - a scroll of blinking
 n - a scroll of immolation {unknown}
 o - 2 scrolls of identify {unknown}
 q - a scroll of torment {unknown}
Potions
 d - a potion of might
 e - 2 potions of curing
 g - a potion of haste
 h - 2 potions of magic
 i - a potion of berserk rage
 k - a potion of lignification {unknown}
 m - 2 potions of mutation {unknown}
 p - 2 potions of flight {unknown}
 r - a potion of degeneration {unknown}


   Skills:
 + Level 11.1 Fighting
 + Level 12.8 Maces & Flails
 + Level 11.1 Armour
 + Level 3.7 Dodging
 + Level 1.0 Stealth
 + Level 9.5 Shields
 * Level 4.8 Evocations


You had 7 spell levels left.
You didn't know any spells.
Your spell library contained the following spells:

 Spells                   Type           Power      Damage    Failure   Level
 Apportation              Tloc           0%         N/A       80%         1
 Magic Dart               Conj           0%         1d3       80%         1
 Call Imp                 Summ           0%         N/A       90%         2
 Mephitic Cloud           Conj/Pois/Air  0%         N/A       99%         3
 Alistair's Intoxication  Tmut/Pois      0%         N/A       100%        5


Dungeon Overview and Level Annotations

Branches:
Dungeon (1/1)

Altars:
Cheibriados
Dithmenos
Elyvilon
Fedhas
Gozag
Hepliaklqana
Kikubaaqudgha
Makhleb
Nemelex Xobeh
Okawaru
Qazlal
Ru
Sif Muna
Trog
Uskayaw
Vehumet
Wu Jian
Xom
Yredelemnul
Zin
The Shining One
Jiyva
Lugonu


Innate Abilities, Weirdness & Mutations

You have a pair of horns on your head.
You reflexively headbutt those who attack you in melee.


Message History

The two-headed ogre hits you with a +0 giant spiked club!!
The two-headed ogre hits you with a +0 giant club!
You hit the two-headed ogre but do no damage.
You sock the two-headed ogre!
The two-headed ogre is lightly wounded.
The two-headed ogre hits you with a +0 giant spiked club!!
The two-headed ogre hits you with a +0 giant club!
* * * LOW HITPOINT WARNING * * *
You barely miss the two-headed ogre.
The two-headed ogre is lightly wounded.
You feel much better.
The two-headed ogre barely misses you. x2
You barely miss the two-headed ogre.
The two-headed ogre is lightly wounded.
You hit the two-headed ogre. You headbutt the two-headed ogre.
The two-headed ogre is moderately wounded.
The two-headed ogre barely misses you. You furiously retaliate!
You headbutt the two-headed ogre!
The two-headed ogre hits you with a +0 giant club!!
* * * LOW HITPOINT WARNING * * *
You hit the two-headed ogre.
The two-headed ogre is moderately wounded.
The two-headed ogre misses you. The two-headed ogre barely misses you.
You feel much better.
You barely miss the two-headed ogre.
The two-headed ogre is moderately wounded.
You block the two-headed ogre's attack. The two-headed ogre closely misses you.
You hit the two-headed ogre but do no damage.
The two-headed ogre is moderately wounded.
You hit the two-headed ogre. You headbutt the two-headed ogre.
The two-headed ogre is heavily wounded.
The two-headed ogre barely misses you.
The two-headed ogre hits you with a +0 giant club!
* * * LOW HITPOINT WARNING * * *
You sock the two-headed ogre!
The two-headed ogre is heavily wounded.
You thump the two-headed ogre! You headbutt the two-headed ogre!
The two-headed ogre is severely wounded.
The two-headed ogre hits you with a +0 giant spiked club!!
You die...
Your body crumbles into a pile of gold.

__)#._# $ $ '###)##
$ ......#$$ ......#
$ $ #####'#$ $ $$
__#...#+###########
__#...#....#.#.#..
__#...##.#..#.##O#
__#...'##.#.#)##@#
__'...#.).#..#..##
▓▓▓▓▓▓▓▓▓▓▓▓▓▓▓▓▓
$$


You could see a two-headed ogre.

Vanquished Creatures
  A deep elf pyromancer (D)
  A shadow (D)
  A spatial vortex (D)
  3 two-headed ogres (D)
  A water elemental (D)
  A necrophage (D)
  A jelly (D)
  Crazy Yiuf (D)
  Jessica (D)
  A wizard (D)
  A necromancer (D)
  3 humans (D)
  A kobold demonologist (D)
  An endoplasm (D)
  2 rats (D)
20 creatures vanquished.

Notes
Turn   | Place    | Note
-------+----------+-------------------------------------------
     0 | D        | rocky1 the Minotaur Fighter began the quest for the Orb.
     0 | D        | Reached XP level 1. HP: 19/19 MP: 0/0
    32 | D        | Noticed Jessica
    34 | D        | Killed Jessica
    35 | D        | Reached skill level 5 in Fighting
    35 | D        | Reached skill level 3 in Maces & Flails
    35 | D        | Reached skill level 5 in Armour
    35 | D        | Reached skill level 5 in Shields
    35 | D        | Reached XP level 2. HP: 13/29 MP: 1/1
    36 | D        | Reached XP level 3. HP: 16/36 MP: 2/2
   258 | D        | Noticed Crazy Yiuf
   264 | D        | Killed Crazy Yiuf
   265 | D        | Reached skill level 4 in Maces & Flails
   265 | D        | Reached XP level 4. HP: 37/45 MP: 3/3
   305 | D        | Noticed a water elemental
   311 | D        | Killed a water elemental
   312 | D        | Reached skill level 5 in Maces & Flails
   312 | D        | Reached XP level 5. HP: 21/52 MP: 4/4
   432 | D        | Noticed a shadow
   438 | D        | Killed a shadow
   439 | D        | Reached skill level 7 in Maces & Flails
   439 | D        | Reached skill level 1 in Dodging
   439 | D        | Reached XP level 6. HP: 28/62 MP: 5/5
   441 | D        | Reached skill level 8 in Maces & Flails
   562 | D        | Found a blossoming altar of Fedhas.
   562 | D        | Found a stormy altar of Qazlal.
   562 | D        | Found a snail-covered altar of Cheibriados.
   562 | D        | Found a burning altar of Makhleb.
   562 | D        | Found a shimmering altar of Xom.
   562 | D        | Noticed a spatial vortex
   563 | D        | Found a hazy altar of Hepliaklqana.
   563 | D        | Found an opulent altar of Gozag.
   563 | D        | Found a sparkling altar of Nemelex Xobeh.
   563 | D        | Found a corrupted altar of Lugonu.
   563 | D        | Found a viscous altar of Jiyva.
   568 | D        | Became a worshipper of Gozag Ym Sagoz the Greedy
   572 | D        | Killed a spatial vortex
   573 | D        | Reached skill level 9 in Maces & Flails
   593 | D        | Found a basalt altar of Yredelemnul.
   593 | D        | Found a shadowy altar of Dithmenos.
   593 | D        | Found a sacrificial altar of Ru.
   604 | D        | Reached XP level 7. HP: 66/71 MP: 6/6
   616 | D        | Found a hide-covered altar of Uskayaw.
   616 | D        | Found an iron altar of Okawaru.
   616 | D        | Found a bloodstained altar of Trog.
   616 | D        | Found an ornate altar of the Wu Jian Council.
   616 | D        | Noticed a human
   629 | D        | Killed a human
   630 | D        | Reached skill level 10 in Fighting
   630 | D        | Reached skill level 10 in Maces & Flails
   630 | D        | Reached skill level 10 in Armour
   630 | D        | Reached skill level 1 in Evocations
   637 | D        | Noticed a human
   642 | D        | Killed a human
   660 | D        | Found a glowing silver altar of Zin.
   660 | D        | Found a glowing golden altar of the Shining One.
   660 | D        | Found a white marble altar of Elyvilon.
   661 | D        | Noticed a deep elf pyromancer
   664 | D        | Killed a deep elf pyromancer
   665 | D        | Reached skill level 12 in Maces & Flails
   665 | D        | Reached XP level 8. HP: 81/81 MP: 7/7
   769 | D        | Found a radiant altar of Vehumet.
   769 | D        | Found a shimmering blue altar of Sif Muna.
   769 | D        | Found an ancient bone altar of Kikubaaqudgha.
   777 | D        | Noticed a sixfirhy
   951 | D        | Reached skill level 1 in Stealth
  1186 | D        | Noticed a two-headed ogre
  1202 | D        | Mangled by a two-headed ogre

Illustrated notes

Levels and vault maps discovered:
D:        dungeon_sprint_mu [sprint_mu_entry_forest, sprint_mu_temple_rooms,
          sprint_mu_d1_spiders, sprint_mu_d2_genie, sprint_mu_d3_branching,
          sprint_mu_orc_legion, sprint_mu_elf_gauntlet, sprint_mu_hive_nellie,
          sprint_mu_lair_fedhas, sprint_mu_vaults_butterflies,
          sprint_mu_slime_circle, sprint_mu_shoals_archi,
          sprint_mu_snake_twists, sprint_mu_blade_basic, sprint_mu_crypt_lich,
          sprint_mu_tomb_spiral, sprint_mu_vestibule_basic,
          sprint_mu_gehenna_hellfire, sprint_mu_dis_giant,
          sprint_mu_tartarus_statrot, sprint_mu_cocytus_islands, sprint_mu_zot1]

Skill      XL: |  1  2  3  4  5  6  7  8 |
---------------+-------------------------+-----
Fighting       | 5 6 7 8 9 10 11 | 11.1
Armour         | 5 6 7 8 9 10 11 | 11.1
Shields        | 5 6 8 9 |  9.5
Maces & Flails | 3 4 5 7 9 12 | 12.8
Dodging        | 1 2 3 |  3.7
Evocations     | 4 |  4.8
Stealth        | 1 |  1.0

Action                   |  1- 3 |  4- 6 |  7- 9 || total
-------------------------+-------+-------+-------++-------
Melee: Flail             |    15 |    25 |    66 ||   106
       Headbutt          |     2 |     7 |    11 ||    20
Evoke: Wand              |       |       |     1 ||     1
  Use: Potion            |       |       |     2 ||     2
Armor: Scale mail        |     4 |     4 |    11 ||    19
Dodge: Dodged            |     9 |     2 |    23 ||    34
Block: Buckler           |     1 |     4 |    12 ||    17

Table legend: (Time is in decaauts)
 A = Elapsed time spent in this place.
 B = Non-inter-level travel time spent in this place.
 C = Inter-level travel time spent in this place.
 D = Time resting spent in this place.
 E = Time spent auto-exploring this place.
 F = Levels seen in this place.
 G = Mean time per level.
                   A        B        C        D        E       F      G
               +--------+--------+--------+--------+--------+-----+--------+
         Total |   1199 |   1199 |      0 |    753 |    115 |   1 | 1199.0 |
       Dungeon |   1199 |   1199 |      0 |    753 |    115 |   1 | 1199.0 |
               +--------+--------+--------+--------+--------+-----+--------+

Top non-repeatable levels by time:
       D: 1199 daAuts
